 Dungeon Crawl Stone Soup version 0.15-a0-1363-g87d8b17 (webtiles) character file.

168 Quh the Shooter (level 5, -5/38 HPs)
             Began as a Demonspawn Hunter on June 9, 2014.
             Killed by nerve-wracking pain
             ... invoked by Grinder
              (8 damage)
             ... while paralysed by Grinder
             ... on Level 4 of the Dungeon.
             The game lasted 00:15:27 (3504 turns).

Quh the Shooter (Demonspawn Hunter)                 Turns: 3504, Time: 00:15:28

HP  -5/38        AC  5     Str 14      XL: 5   Next: 23%
MP   0/5         EV  2     Int 12      God:
Gold 100         SH  0     Dex 13      Spells:  0 memorised,  4 levels left

rFire  . . .     SeeInvis .     b - +1 shortbow
rCold  . . .     Clarity  .     d - +0 leather armour
rNeg   . . .     rCorr    .     (no shield)
rPois  .         rRot     .     (no helmet)
rElec  .         Spirit   +     q - +0 cloak
SustAb .         Warding  .     (no gloves)
rMut   .         Stasis   .     (no boots)
Gourm  .                        (no amulet)
MR     .....                    (no ring)
                                (no ring)

@: paralysed, not resistant to hostile enchantments, very unstealthy
A: rugged brown scales 1, powered by death 1, magic shield
a: no special abilities


You were on level 4 of the Dungeon.
You were hungry.

You visited 1 branch of the dungeon, and saw 4 of its levels.

You collected 100 gold pieces.

Inventory:

Hand weapons
 a - a +0,+0 short sword
 b - a +1,+1 shortbow (weapon)
Missiles
 c - 10 arrows (quivered)
 h - 22 stones
Armour
 d - a +0 leather armour (worn)
 q - a +0 cloak (worn)
Comestibles
 f - 6 bread rations
 g - 2 meat rations
 k - 4 fruits
 n - a beef jerky
 u - a chunk of worm flesh
Scrolls
 e - a scroll of enchant weapon II {unknown}
 i - 3 scrolls of remove curse {unknown}
 j - 4 scrolls of identify {unknown}
 l - a scroll of immolation {unknown}
 m - 2 scrolls of teleportation {unknown}
 r - a scroll of enchant weapon I {unknown}
 v - a scroll of fear {unknown}
Potions
 o - 3 potions of curing {unknown}
 p - 2 potions of mutation {unknown}
 s - a potion of lignification {unknown}
 t - a potion of agility {unknown}
 x - a potion of heal wounds {unknown}


   Skills:
 - Level 1.3 Fighting
 - Level 0.3 Short Blades
 * Level 4.5 Bows
 - Level 2.1 Armour
 - Level 3.0 Dodging
 - Level 1.2 Stealth


You had 4 spell levels left.
You didn't know any spells.

Dungeon Overview and Level Annotations

Branches:
Dungeon (4/15)
 Temple: D:4-7

Altars:
Zin

Annotations:
D:4 Grinder


Innate Abilities, Weirdness & Mutations

You are partially covered in rugged brown scales (AC +1, +3% HP).
You can steal the life force of nearby defeated enemies.
When hurt, damage is shared between your health and your magic reserves.


Message History

Grinder gestures at you.
You suddenly lose the ability to move!
The orc hits you from afar with a trident.
A goblin comes into view.
Grinder hits you.
You writhe in agony.
The orc hits you from afar with a trident.
The gnoll hits you. The goblin hits you.
* * * LOW HITPOINT WARNING * * *
The goblin shouts!
Grinder gestures at you.
You shrug off the repeated paralysis!
The orc hits you with a club.
* * * LOW HITPOINT WARNING * * *
The hobgoblin hits you.
* * * LOW HITPOINT WARNING * * *
The orc hits you from afar with a trident.
* * * LOW HITPOINT WARNING * * *
The gnoll hits you but does no damage. The goblin hits you but does no damage.
Grinder gestures at you. Pain shoots through your body!
You die...

... #.....###
....g......
.............
.......g.......
.......og......
.....o.o...(...
.......oggh......
.......S@5..w....
......%(g.(......
.........o.......
####.....######
#.....# #.....#
#?....# #.....#
#.....#


You could see Grinder, a worm, a hound, 3 gnolls, an adder, 5 orcs, a hobgoblin
and 2 goblins.

Vanquished Creatures
  Terence (D:2)
  7 adders
  A giant mite (D:2)
  A worm (D:3)
  An iguana skeleton (D:3)
  2 giant geckos
  2 oozes (D:2)
  3 orcs
  7 bats
  3 giant cockroaches (D:2)
  10 hobgoblins
  7 jackals
  9 kobolds
  A quokka (D:2)
  A ball python (D:1)
  5 giant newts
  5 goblins
  4 rats
70 creatures vanquished.

Notes
Turn   | Place    | Note
--------------------------------------------------------------
     0 | D:1      | Quh, the Demonspawn Hunter, began the quest for the Orb.
     0 | D:1      | Reached XP level 1. HP: 15/15 MP: 1/1
   381 | D:1      | Gained mutation: You are partially covered in rugged brown scales (AC +1, +3% HP). [demonic ancestry]
   381 | D:1      | Reached XP level 2. HP: 11/21 MP: 2/2
   741 | D:1      | Reached skill level 4 in Bows
  1054 | D:1      | Reached skill level 1 in Stealth
  1095 | D:1      | Gained mutation: You can steal the life force of nearby defeated enemies. [demonic ancestry]
  1095 | D:1      | Reached XP level 3. HP: 18/26 MP: 3/3
  1245 | D:1      | Reached skill level 1 in Armour
  2238 | D:2      | Noticed Terence
  2244 | D:2      | Killed Terence
  2244 | D:2      | Gained mutation: When hurt, damage is shared between your health and your magic reserves. [demonic ancestry]
  2244 | D:2      | Reached XP level 4. HP: 32/32 MP: 4/4
  2913 | D:2      | Reached XP level 5. HP: 9/38 MP: 2/5
  3489 | D:3      | Found a glowing silver altar of Zin.
  3499 | D:4      | Noticed Grinder
  3501 | D:4      | Paralysed by Grinder for 7 turns
  3504 | D:4      | Killed from afar by Grinder

Action                   |  1- 3 |  4- 6 || total
-------------------------+-------+-------++-------
Melee: Short sword       |   104 |   189 ||   293
 Fire: Shortbow          |    23 |    19 ||    42
 Stab: Sleeping          |     1 |       ||     1
